 Dungeon Crawl Stone Soup version 0.32-a0-921-g04a7ad8e02 (webtiles) character file.

Game seed: 17623352768200585351

390 Revguard the Shield-Bearer (level 6, -4/48 HPs)
             Began as a Demonspawn Fighter on Apr 12, 2024.
             Slain by a gnoll
             ... wielding a +0 halberd
              (6 damage)
             ... on level 4 of the Dungeon.
             The game lasted 00:05:29 (2614 turns).

Revguard the Shield-Bearer (Demonspawn Fighter)     Turns: 2614, Time: 00:05:30

Health: -4/48      AC: 10    Str: 18    XL:     6   Next: 50%
Magic:  7/7        EV:  8    Int:  8    God:
Gold:   141        SH:  4    Dex: 13    Spells: 5/5 levels left

rFire   . . .        a - +0 war axe
rCold   . . .        c - +0 buckler
rNeg    . . .        b - +0 scale mail
rPois   .            (helmet restricted)
rElec   .            s - +0 cloak
rCorr   .            (no gloves)
SInv    .            (no boots)
Will    .....        (no amulet) Stlth
                     (no ring)
HPRegen 0.28/turn    (no ring)
MPRegen 0.20/turn

%: no passive effects
@: mighty
A: antennae 2, icy blue scales 1, magic regeneration
a: no special abilities


You were on level 4 of the Dungeon.
You visited 1 branch of the dungeon, and saw 4 of its levels.

You collected 141 gold pieces.

Inventory:

Hand Weapons
 a - a +0 war axe (weapon)
Armour
 b - a +0 scale mail (worn)
 c - a +0 buckler (worn)
 s - a +0 cloak (worn)
Jewellery
 t - a +4 ring of protection
Scrolls
 e - 2 scrolls of revelation {unknown}
 h - a scroll of fear {unknown}
 i - 4 scrolls of teleportation {unknown}
 j - a scroll of amnesia {unknown}
 k - a scroll of vulnerability {unknown}
 m - 2 scrolls of identify {unknown}
 n - a scroll of poison {unknown}
 o - 2 scrolls of fog {unknown}
 p - a scroll of brand weapon {unknown}
 r - a scroll of immolation {unknown}
Potions
 d - a potion of might
 f - a potion of lignification {unknown}
 g - 2 potions of resistance {unknown}
 l - a potion of heal wounds {unknown}
 q - a potion of ambrosia {unknown}


   Skills:
 + Level 3.8 Fighting
 * Level 3.2 Axes
 + Level 3.3 Armour
 + Level 1.8 Dodging
 * Level 3.9 Shields
 + Level 2.6 Invocations
 + Level 1.8 Evocations


You had 5 spell levels left.
You didn't know any spells.
Your spell library contained the following spells:

 Spells                   Type           Power      Damage    Failure   Level
 Hailstorm                Conj/Ice       0%         3d5       99%         3
 Summon Ice Beast         Ice/Summ       0%         N/A       99%         3
 Permafrost Eruption      Ice/Erth       0%         2x4d1     100%        6
 Sculpt Simulacrum        Ice/Alch       0%         N/A       100%        6


Dungeon Overview and Level Annotations

Branches:
Dungeon (4/15)
 Temple: D:4-7

Altars:
Ashenzari
Ru

Shops:
D:2 (


Innate Abilities, Weirdness & Mutations

You have a pair of antennae on your head.
You are partially covered in icy blue scales. (AC +2)
You regenerate magic rapidly.


Message History

The cerulean imp hits you from afar with a +1 spear.
* * * LOW HITPOINT WARNING * * *
You closely miss Natasha. You slash the adder!
The cerulean imp closely misses you. The gnoll closely misses you.
The adder barely misses you. Natasha casts a spell at you.
The magic dart hits you but does no damage.
The cerulean imp hits you but does no damage.
The cerulean imp closely misses you.
You closely miss Natasha. You miss the adder.
You hear the brisk hiss of a very distant avalanche of sand.
You block the adder's attack. The gnoll hits you but does no damage.
You block Natasha's attack.
The cerulean imp hits you but does no damage.
The adder closely misses you.
The cerulean imp hits you from afar with a +2 spear.
* * * LOW HITPOINT WARNING * * *
The gnoll hits you from afar with a +0 halberd.
* * * LOW HITPOINT WARNING * * *
Natasha mumbles some strange words.
The cerulean imp hits you but does no damage.
You slash Natasha!
Natasha is severely wounded.
You hit the adder. The adder bites you.
* * * LOW HITPOINT WARNING * * *
The cerulean imp barely misses you. The gnoll hits you but does no damage.
Natasha barely misses you. You block the adder's attack.
The cerulean imp barely misses you.
You hit Natasha.
You kill Natasha!
Natasha screams in fury as she dies!
The cerulean imp disappears in a puff of smoke! x3
You slash the adder!
You kill the adder!
You block the gnoll's attack. The gnoll hits you but does no damage.
The gnoll barely misses you.
Things that are here:
an adder corpse; a hound corpse You completely miss the gnoll.
The gnoll hits you with a +0 halberd.
You die...

#### ## ....#.'.. .#
#?....... .# #........
.# #........ .# ######
#........ .# #.. .
#........
.####.####.#####g......#
.##......#.#...#@.......
.##......#......†§......
.##......###)..###......
.##.............# .#.###
.........#..###.# # #
########.#..# ...
......#.....+ .....
.####.#..#.## ..... .
#.#..#..+ .....


You could see a gnoll.

Vanquished Creatures
  A black bear (D:4)
  A bombardier beetle (D:3)
  A hound (D:4)
  An orc wizard (D:4)
  Natasha (D:4)
  5 adders
  4 gnolls (D:4)
  6 dart slugs
  2 ribbon worms (D:3)
  An orc (D:3)
  8 bats
  8 endoplasms
  6 giant cockroaches
  9 goblins
  6 hobgoblins
  A quokka (D:3)
  8 ball pythons
  6 frilled lizards
  7 kobolds
  4 rats
86 creatures vanquished.

Notes
Turn   | Place    | Note
-------+----------+-------------------------------------------
     0 | D:1      | Revguard the Demonspawn Fighter began the quest for the
                  | Orb.
     0 | D:1      | Reached XP level 1. HP: 18/18 MP: 1/1
   158 | D:1      | Gained mutation: You are partially covered in icy blue
                  | scales. (AC +2) [demonic ancestry]
   158 | D:1      | Reached XP level 2. HP: 24/24 MP: 2/2
   281 | D:1      | Reached skill level 1 in Invocations
   477 | D:1      | Gained mutation: You regenerate magic rapidly. [demonic
                  | ancestry]
   477 | D:1      | Reached XP level 3. HP: 22/29 MP: 3/3
   700 | D:2      | Found a broken altar of Ashenzari.
   910 | D:2      | Reached XP level 4. HP: 34/35 MP: 5/5
   910 | D:2      | Found a faded altar of an unknown god.
  1003 | D:2      | Found Uthroasm's Weapon Shoppe.
  1046 | D:2      | Reached skill level 1 in Evocations
  1170 | D:3      | Reached skill level 1 in Dodging
  1625 | D:3      | Gained mutation: You have a pair of small antennae on your
                  | head. [demonic ancestry]
  1625 | D:3      | Reached XP level 5. HP: 31/41 MP: 6/6
  2185 | D:4      | Found a sacrificial altar of Ru.
  2599 | D:4      | Noticed a black bear
  2601 | D:4      | Noticed Natasha
  2606 | D:4      | Killed a black bear
  2607 | D:4      | Gained mutation: You have a pair of antennae on your head.
                  | [demonic ancestry]
  2607 | D:4      | Reached XP level 6. HP: 39/48 MP: 7/7
  2610 | D:4      | HP: 1/48 [gnoll/+0 halberd (6)]
  2612 | D:4      | Killed Natasha
  2614 | D:4      | Slain by a gnoll

Illustrated notes

Levels and vault maps discovered:
D:1:      wheals_arrival_linesprint, layout_rooms, minmay_box_of_dots
D:2:      layout_rooms, shapermc_ecumenical_altar_pompeii, serial_shops, shop,
          basic_altar, minmay_heptomino_l4
D:3:      minmay_spotlight, layout_basic, cheibrodos_sewer_entry_bend,
          hex_intersection, st_stairs_11
D:4:      layout_basic, nicolae_ru_great_annihilating_truth,
          mainiacjoe_ossuary_entry_find_the_door, dreamdust_gnoll_farm,
          uniq_natasha

Skill      XL: |  1  2  3  4  5 |
---------------+----------------+-----
Axes           | 2 3 |  3.2
Invocations    | 1 2 |  2.6
Shields        | 3 |  3.9
Armour         | 3 |  3.3
Evocations     | 1 |  1.8
Dodging        | 1 |  1.8
Fighting       | |  3.8

Action                     |  1- 3 |  4- 6 || total
---------------------------+-------+-------++-------
  Melee: War axe           |   112 |   122 ||   234
    Use: Potion            |       |     1 ||     1
   Stab: Paralysed         |       |     3 ||     3
 Armour: Scale mail        |   133 |   112 ||   245
  Dodge: Dodged            |    59 |    79 ||   138
  Block: Buckler           |    43 |    29 ||    72

Table legend: (Time is in decaauts)
 A = Elapsed time spent in this place.
 B = Non-inter-level travel time spent in this place.
 C = Inter-level travel time spent in this place.
 D = Time resting spent in this place.
 E = Time spent auto-exploring this place.
 F = Levels seen in this place.
 G = Mean time per level.
                   A        B        C        D        E       F      G
               +--------+--------+--------+--------+--------+-----+--------+
         Total |   2717 |   2626 |     91 |      0 |   1726 |   4 |  679.2 |
       Dungeon |   2717 |   2626 |     91 |      0 |   1726 |   4 |  679.2 |
               +--------+--------+--------+--------+--------+-----+--------+

Top non-repeatable levels by time:
     D:3: 1047 daAuts
     D:1: 731 daAuts
     D:2: 479 daAuts
     D:4: 459 daAuts
